 Dungeon Crawl Stone Soup version 0.19.0-24-gb05acd6 (webtiles) character file.

4665 muxecoid the Thaumaturge (level 10, -6/70 HPs)
             Began as a Mummy Wanderer on Nov 22, 2016.
             Was a Priest of Vehumet.
             Mangled by a manticore (20 damage)
             ... on level 10 of the Dungeon.
             The game lasted 01:00:10 (12551 turns).

muxecoid the Thaumaturge (Mummy Wanderer)          Turns: 12551, Time: 01:00:11

Health: -6/70      AC:  9    Str: 15    XL:     10   Next: 20%
Magic:  2/24       EV: 12    Int: 17    God:    Vehumet [***...]
Gold:   431        SH:  0    Dex: 10    Spells: 9 memorised, 9 levels left

rFire  x . .     SeeInvis .     t - +2 hand axe (elec)
rCold  + + .     Gourm    .     c - +0 robe
rNeg   + + +     Faith    +     (no shield)
rPois  ∞         Spirit   .     v - +2 helmet
rElec  .         Reflect  .     r - +0 cloak
rCorr  .         Harm     .     C - +2 pair of gloves
MR     +....                    (no boots)
Stlth  ++........               s - amulet of faith
                                A - ring of stealth
                                b - ring of protection from cold

@: barbed spikes
A: no food or potions, fire vulnerability, cold resistance 1, negative energy
resistance 3, torment resistance, unbreathing
a: Renounce Religion


You were on level 10 of the Dungeon.
You worshipped Vehumet.
Vehumet was most pleased with you.
You were not hungry.

You visited 2 branches of the dungeon, and saw 11 of its levels.

You collected 431 gold pieces.

Inventory:

Hand Weapons
 d - a +0 club
 f - a +1 dagger of flaming
 t - a +2 hand axe of electrocution (weapon)
 y - a +2 dagger of venom
Armour
 c - a +0 robe (worn)
 p - a +0 pair of gloves of dexterity
 r - a +0 cloak (worn)
 v - a +2 helmet (worn)
 C - a +2 pair of gloves (worn)
Jewellery
 b - a ring of protection from cold (left hand)
 k - an uncursed ring of positive energy
 s - an amulet of faith (around neck)
 w - an uncursed ring of ice
 A - a ring of stealth (right hand)
 B - an uncursed amulet of rage {unknown}
Wands
 u - a wand of flame (17/48)
 D - a wand of confusion (25/48)
Scrolls
 e - 2 scrolls of recharging {unknown}
 g - 2 scrolls of fear {unknown}
 h - a scroll of magic mapping {unknown}
 i - 5 scrolls of identify {unknown}
 j - 2 scrolls of enchant weapon {unknown}
 l - a scroll of blinking {unknown}
 m - a scroll of enchant armour {unknown}
 n - 5 scrolls of remove curse {unknown}
 o - 2 scrolls of amnesia {unknown}
 q - 2 scrolls of noise {unknown}
 x - a scroll of fog {unknown}
 E - a scroll of brand weapon {unknown}
Books
 a - a book of Minor Magic

   Spells                             Type                      Level
   a - Magic Dart                     Conjuration                  1
   b - Blink                          Translocation                2
   c - Call Imp                       Summoning                    2
   d - Repel Missiles                 Charms/Air                   2
   e - Slow                           Hexes                        2
   f - Conjure Flame                  Conjuration/Fire             3
   g - Mephitic Cloud                 Conjuration/Poison/Air       3
 z - a book of Changes

   Spells                             Type                      Level
   a - Beastly Appendage              Transmutation                1
   b - Sticks to Snakes               Transmutation                2
   c - Spider Form                    Transmutation/Poison         3
   d - Ice Form                       Ice/Transmutation            4
   e - Blade Hands                    Transmutation                5


   Skills:
 + Level 3.3 Fighting
 - Level 0.1 Short Blades
 - Level 0.2 Axes
 - Level 1.0 Throwing
 + Level 2.3 Dodging
 - Level 1.0 Stealth
 - Level 10.0 Spellcasting
 * Level 7.1 Conjurations
 + Level 1.0 Hexes
 + Level 2.0 Summonings
 + Level 1.3 Fire Magic
 + Level 2.6 Air Magic
 + Level 0.2 Earth Magic
 - Level 2.1 Poison Magic
 + Level 1.1 Evocations


You had 9 spell levels left.
You knew the following spells:

 Your Spells              Type           Power        Failure   Level  Hunger
a - Magic Dart            Conj           ####         1%          1    N/A
b - Blink                 Tloc           N/A          14%         2    N/A
c - Call Imp              Summ           ###.....     6%          2    N/A
d - Mephitic Cloud        Conj/Pois/Air  ###.....     2%          3    N/A
e - Conjure Flame         Conj/Fire      ###.....     1%          3    N/A
f - Sandblast             Erth           #.....       2%          1    N/A
g - Flame Tongue          Conj/Fire      ###..        1%          1    N/A
h - Dazzling Spray        Conj/Hex       ###...       1%          3    N/A
i - Iskenderun's Mystic   Conj           ####....     1%          4    N/A

Dungeon Overview and Level Annotations

Branches:
Dungeon (10/15)            Temple (1/1) D:4
   Lair: D:8-11         Orc: D:9-12

Altars:
Ashenzari
Cheibriados
Dithmenos
Elyvilon
Fedhas
Gozag
Hepliaklqana
Kikubaaqudgha
Makhleb
Nemelex Xobeh
Okawaru
Qazlal
Ru
Sif Muna
Trog
Uskayaw
Vehumet
Xom
Yredelemnul
Zin
The Shining One

Annotations:
D:9 Erica, Gastronok, Pikel


Innate Abilities, Weirdness & Mutations

You do not eat or drink.
Your flesh is vulnerable to fire.
You are immune to poison.
Your flesh is cold resistant. (rC+)
You are immune to negative energy. (rN+++)
You are immune to unholy pain and torment.
You can survive without breathing.


Message History

The barbed spikes become lodged in your body.
The manticore flicks its tail.
The volley of spikes hits you!
The barbed spikes become lodged in your body.
* * * LOW HITPOINT WARNING * * *
Evoke which item? (* to show all) (? for menu, Esc to quit)
Zapping:
u - a wand of flame (will waste charges)
Press: ? - help, Shift-Dir - straight line, f/p - manticore
Aim: a manticore (almost dead)
The puff of flame hits the manticore.
The manticore is almost dead.
Evoking this partially-identified wand wasted a few charges.
Evoke which item? (* to show all) (? for menu, Esc to quit)
Zapping:
u - a wand of flame {zapped: 3} (will waste charges)
Press: ? - help, Shift-Dir - straight line, f/p - manticore
Aim: a manticore (almost dead)
The puff of flame misses the manticore.
Evoking this partially-identified wand wasted a few charges.
The manticore bites you!!
You die...

##+# ##...## .
##.....## ##.#
##.......## ....#
#.........##.....#
+.........@H%.....
#.........##......
#.......## .#.##
##.....## #
##...## ##'## #.#
#.# ##.##


You could see a manticore.

Vanquished Creatures
  The ghost of Dahjoos the Grappler, a novice TrMo (D:7)
  A deep elf mage (D:9)
  A two-headed ogre (D:8)
  2 hippogriffs (D:7)
  Grum (D:8)
  2 sky beasts
  An ice beast (D:4)
  4 wolves (D:8)
  7 ogres
  The ghost of CrazyArbalest the Insei, an amateur DgTm (D:3)
  3 centaurs
  3 bullfrogs
  A wyvern zombie (D:9)
  A scorpion (D:5)
  A wyvern skeleton (D:9)
  5 wights (D:8)
  2 crimson imps
  A jelly (D:7)
  4 bullfrog zombies
  3 orc wizards
  3 hounds
  2 bullfrog skeletons
  2 orc priests
  A gnoll shaman (D:7)
  2 iguanas (D:5)
  Natasha (twice) (D:4)
  11 worker ants
  4 adders
  4 gnolls
  A shadow imp (D:7)
  An ooze (D:5)
  An adder zombie (D:9)
  An adder skeleton (D:6)
  5 worms
  28 orcs
  A ball python (D:3)
  5 giant cockroaches
  4 goblins
  11 hobgoblins
  21 jackals
  2 quokkas (D:6)
  5 bats
  6 frilled lizards
  A jackal skeleton (D:8)
  7 kobolds
  2 quokka zombies
  7 rats
185 creatures vanquished.

Vanquished Creatures (collateral kills)
  A hound (D:7)
  A leopard gecko (D:1)
2 creatures vanquished.

Grand Total: 187 creatures vanquished

Notes
Turn   | Place    | Note
-------+----------+-------------------------------------------
     0 | D:1      | muxecoid the Mummy Wanderer began the quest for the Orb.
     0 | D:1      | muxecoid set off with: a book of Minor Magic, 2 scrolls of teleportation, a +0 robe, a +0 club
     0 | D:1      | Reached XP level 1. HP: 13/13 MP: 5/5
     2 | D:1      | Learned a level 1 spell: Magic Dart
   608 | D:1      | Reached XP level 2. HP: 19/19 MP: 2/7
   670 | D:1      | Learned a level 2 spell: Blink
   706 | D:1      | Learned a level 2 spell: Call Imp
  1542 | D:1      | Reached XP level 3. HP: 19/24 MP: 1/9
  1805 | D:1      | Learned a level 3 spell: Mephitic Cloud
  1809 | D:1      | Learned a level 3 spell: Conjure Flame
  2945 | D:3      | Noticed CrazyArbalest's ghost (amateur DgTm)
  3160 | D:3      | Reached XP level 4. HP: 26/30 MP: 7/10
  3248 | D:3      | Reached skill level 5 in Spellcasting
  3937 | D:4      | Found a staircase to the Ecumenical Temple.
  3941 | Temple   | Entered the Ecumenical Temple
  4035 | Temple   | Became a worshipper of Vehumet
  4137 | D:4      | Reached skill level 1 in Stealth
  4137 | D:4      | Reached XP level 5. HP: 35/35 MP: 5/12
  4187 | D:4      | Noticed an ogre
  4201 | D:4      | Killed an ogre
  4491 | D:4      | Reached XP level 6. HP: 41/42 MP: 6/14
  4564 | D:4      | Noticed an ice beast
  4768 | D:4      | Noticed Natasha
  5545 | D:5      | Entered Level 5 of the Dungeon
  5677 | D:5      | Reached skill level 1 in Fighting
  5677 | D:5      | Reached skill level 6 in Spellcasting
  5889 | D:5      | Reached XP level 7. HP: 44/48 MP: 9/16
  6086 | D:5      | Reached skill level 1 in Air Magic
  6270 | D:5      | Reached * piety under Vehumet
  6270 | D:5      | Offered knowledge of Sandblast by Vehumet.
  6273 | D:5      | Learned a level 1 spell: Sandblast
  6458 | D:5      | Reached skill level 1 in Poison Magic
  6963 | D:6      | Reached skill level 1 in Dodging
  6963 | D:6      | Reached skill level 7 in Spellcasting
  7854 | D:7      | Reached XP level 8. HP: 52/56 MP: 6/18
  7983 | D:7      | Reached ** piety under Vehumet
  7991 | D:7      | Noticed Dahjoos's ghost (novice TrMo)
  8276 | D:7      | Noticed a hippogriff
  8308 | D:7      | Killed a hippogriff
  8347 | D:7      | Noticed a hippogriff
  8387 | D:7      | Offered knowledge of Flame Tongue by Vehumet.
  8497 | D:6      | Learned a level 1 spell: Flame Tongue
  8608 | D:4      | Killed Natasha
  8687 | D:4      | Noticed Natasha
  8697 | D:4      | Killed Natasha
  8723 | D:4      | Reached skill level 5 in Conjurations
  9001 | D:3      | Killed CrazyArbalest's ghost
  9001 | D:3      | Reached skill level 8 in Spellcasting
  9317 | D:7      | Killed a hippogriff
  9479 | D:7      | Reached XP level 9. HP: 62/62 MP: 9/21
  9587 | D:7      | Killed Dahjoos's ghost
  9587 | D:7      | Reached skill level 1 in Fire Magic
  9803 | D:7      | Offered knowledge of Dazzling Spray by Vehumet.
  9803 | D:7      | Reached skill level 9 in Spellcasting
  9808 | D:7      | Learned a level 3 spell: Dazzling Spray
  9959 | D:8      | Found a shadowy altar of Dithmenos.
 10403 | D:8      | Reached *** piety under Vehumet
 10485 | D:8      | Noticed Grum
 10505 | D:8      | Killed Grum
 10868 | D:9      | Offered knowledge of Iskenderun's Mystic Blast by Vehumet.
 10874 | D:9      | Learned a level 4 spell: Iskenderun's Mystic Blast
 10892 | D:9      | Noticed a deep elf mage
 10897 | D:9      | Noticed a centaur warrior
 10926 | D:9      | Noticed Erica
 11248 | D:9      | Noticed Gastronok
 11547 | D:8      | Reached XP level 10. HP: 69/69 MP: 6/23
 12259 | D:9      | Reached skill level 10 in Spellcasting
 12331 | D:9      | Noticed Pikel
 12337 | D:9      | Killed a deep elf mage
 12337 | D:9      | Reached skill level 1 in Hexes
 12517 | D:10     | Entered Level 10 of the Dungeon
 12528 | D:10     | Noticed a manticore
 12551 | D:10     | Mangled by a manticore

Skill      XL: |  1  2  3  4  5  6  7  8  9 10 |
---------------+-------------------------------+-----
Conjurations   | 2 3 4 5 6 7 |  7.1
Spellcasting   | 5 6 7 8 9 10 | 10.0
Stealth        | 1 |  1.0
Fighting       | 1 2 3 |  3.3
Summonings     | 2 |  2.0
Air Magic      | 1 2 |  2.6
Poison Magic   | 1 2 |  2.1
Dodging        | 1 2 |  2.3
Fire Magic     | 1 |  1.3
Hexes          | 1 |  1.0
Short Blades   | |  0.1
Axes           | |  0.2
Throwing       | |  1.0
Earth Magic    | |  0.2
Evocations     | |  1.1

Action                   |  1- 3 |  4- 6 |  7- 9 | 10-12 || total
-------------------------+-------+-------+-------+-------++-------
Melee: Club              |     1 |       |       |       ||     1
       Dagger            |    76 |   103 |   191 |       ||   370
       Hand axe          |       |       |    92 |    24 ||   116
 Cast: Magic Dart        |   128 |    95 |   198 |     8 ||   429
       Call Imp          |     1 |    10 |       |       ||    11
       Mephitic Cloud    |     3 |    11 |    49 |     6 ||    69
       Conjure Flame     |       |     3 |     4 |       ||     7
       Flame Tongue      |       |       |    20 |       ||    20
       Dazzling Spray    |       |       |    11 |     1 ||    12
       Iskenderun's Myst |       |       |     4 |    26 ||    30
       Sandblast         |       |       |     1 |       ||     1
Evoke: Wand              |       |       |     1 |     2 ||     3
  Use: Scroll            |       |       |     2 |       ||     2
 Stab: Confused          |     1 |    13 |    15 |     2 ||    31
       Sleeping          |       |     1 |     4 |       ||     5
       Invisible         |       |       |     1 |       ||     1
Armor: Robe              |    11 |    16 |    93 |    14 ||   134
Dodge: Dodged            |    65 |    33 |   155 |    18 ||   271
